 Dungeon Crawl Stone Soup version 0.25.0-11-g1f837a76a1 (webtiles) character file.

Game seed: 7989485580744898693

2 Kold the Insei (level 1, -3/13 HPs)
             Began as an Octopode Transmuter on June 24, 2020.
             Slain by a kobold
             ... wielding a +0 short sword
              (5 damage)
             ... on level 1 of the Dungeon.
             The game lasted 00:00:20 (58 turns).

Kold the Insei (Octopode Transmuter)                  Turns: 58, Time: 00:00:21

Health: -3/13      AC:  1    Str:  9    XL:     1   Next: 30%
Magic:  3/3        EV: 13    Int: 15    God:
Gold:   0          SH:  0    Dex: 12    Spells: 3/4 levels left

rFire    . . .     SeeInvis .     - Unarmed
rCold    . . .     Gourm    .   (no shield)
rNeg     . . .     Faith    .   (helmet restricted)
rPois    .         Spirit   .   (no amulet)
rElec    .         Reflect  .   (no ring)
rCorr    .         Harm     .   (no ring)
MR       .....                  (no ring)
Stlth    ++........             (no ring)
HPRegen  0.04/turn              (no ring)
MPRegen  0.08/turn              (no ring)
                                (no ring)
                                (no ring)

@: no status effects
A: almost no armour, stealthy swim, amphibious, 8 rings, constrict 8, camouflage
1, gelatinous body 1
a: no special abilities


You were on level 1 of the Dungeon.
You were not hungry.

You visited 1 branch of the dungeon, and saw 1 of its levels.

Inventory:

Missiles
 a - 12 arrows
Comestibles
 c - a ration


   Skills:
 - Level 1.0 Fighting
 - Level 2.0 Dodging
 + Level 0.4 Stealth
 + Level 3.0 Unarmed Combat
 - Level 2.0 Spellcasting
 + Level 2.0 Transmutations


You had 3 spell levels left.
You knew the following spells:

 Your Spells              Type           Power        Failure   Level  Hunger
a - Beastly Appendage     Tmut           #.....       10%         1    #......

Your spell library contained the following spells:

 Spells                   Type           Power        Failure   Level  Hunger
 Sticks to Snakes         Tmut           #.......     14%         2    ###....
 Spider Form              Tmut/Pois      #.........   41%         3    ###....
 Ice Form                 Ice/Tmut       #.......     82%         4    #####..
 Blade Hands              Tmut           #.........   95%         5    ######.


Dungeon Overview and Level Annotations

Branches:
Dungeon (1/15)

Altars:


Innate Abilities, Weirdness & Mutations

You cannot wear most types of armour.
You are very stealthy in the water. (Stealth+)
You are amphibious.
You can wear up to eight rings at the same time.
You can use your tentacles to constrict eight enemies at once.
Your skin changes colour to match your surroundings (Stealth+).
Your rubbery body absorbs attacks. (AC +1, EV +1)


Message History

The kobold is severely wounded.
The hobgoblin hits you with a +0 club.
* * * LOW HITPOINT WARNING * * *
The kobold hits you but does no damage.
Your transformation is almost over.
You tentacle-slap the hobgoblin. You grab the hobgoblin.
Your tentacle spike misses the hobgoblin.
The hobgoblin is heavily wounded.
Your tentacle spike disappears.
You constrict the hobgoblin, but do no damage.
You barely miss the hobgoblin. You squeeze the hobgoblin.
You kill the hobgoblin!
You tentacle-slap the kobold but do no damage.
Your grab misses the kobold.
The kobold is heavily wounded.
The kobold closely misses you.
You barely miss the kobold. Your grab misses the kobold.
The kobold is heavily wounded.
The kobold hits you with a +0 short sword.
You die...

###.### #o#.#g#
###.### #
#h#.#m# ..
#.....###.###
...#.....#e#.#T#
...#.....###'###
..K.......#.###
##.....##..@..+
#.....[##.#K###
#..(.†.##....#
#......#####.#
#........K...##
#.............#
#.............#
#..............#
#.......?....#.#


You could see a kobold.

Vanquished Creatures
  A hobgoblin (D:1)
  A rat (D:1)
2 creatures vanquished.

Notes
Turn   | Place    | Note
-------+----------+-------------------------------------------
     0 | D:1      | Kold the Octopode Transmuter began the quest for the Orb.
     0 | D:1      | Reached XP level 1. HP: 13/13 MP: 3/3
     2 | D:1      | Noticed a naga
     4 | D:1      | Noticed a tengu
     6 | D:1      | Noticed a halfling
     6 | D:1      | Noticed a vampire
     8 | D:1      | Noticed a gargoyle
     8 | D:1      | Noticed a ghoul
    10 | D:1      | Noticed a vine stalker
    10 | D:1      | Noticed a human
    12 | D:1      | Noticed a minotaur
    12 | D:1      | Noticed a demonspawn
    14 | D:1      | Noticed a demigod
    16 | D:1      | Noticed an octopode
    16 | D:1      | Noticed a formicid
    18 | D:1      | Noticed a spriggan
    18 | D:1      | Noticed a centaur
    20 | D:1      | Noticed a draconian
    20 | D:1      | Noticed an ogre
    22 | D:1      | Noticed a dwarf
    24 | D:1      | Noticed a felid
    24 | D:1      | Noticed a merfolk
    26 | D:1      | Noticed an elf
    26 | D:1      | Noticed a troll
    58 | D:1      | Slain by a kobold

Illustrated notes

Levels and vault maps discovered:
D:1:      kb_arrival_jail, layout_basic, minmay_ruptured

Action                   || total
-------------------------++-------
Melee: Unarmed           ||     8
       Constrict         ||     2
       Kick              ||     1
       Tentacles         ||     1
 Cast: Beastly Appendage ||     1
Dodge: Dodged            ||     4
